 Dungeon Crawl Stone Soup version 0.15-a0-137-g18a2bbc (webtiles) character file.

4713 Dolphinfiddler the Unseen (level 10, -11/67 HPs)
             Began as a Vampire Assassin on Apr 13, 2014.
             Was a Priest of Dithmenos.
             Mangled by a two-headed ogre
             ... wielding a cursed -2,-2 giant club
              (26 damage)
             ... while paralysed by a potion of paralysis
             ... on Level 10 of the Dungeon.
             The game lasted 01:08:55 (7994 turns).

Dolphinfiddler the Unseen (Vampire Assassin)        Turns: 7994, Time: 01:08:55

HP -11/67        AC  5     Str 10      XL: 10   Next: 11%
MP  10/10        EV  2     Int 13      God: Dithmenos [***...]
Gold 408         SH  0     Dex 17 (18) Spells:  0 memorised,  9 levels left

rFire  . . .     SeeInvis +     s - +2,+0 dagger (drain)
rCold  . . .     Clarity  .     c - +0 robe
rNeg   + . .     Conserve .     (no shield)
rPois  .         rCorr    .     l - +0 hat
rElec  .         rRot     .     d - +2 cloak
SustAb . .       Spirit   .     (no gloves)
rMut   .         Warding  .     (no boots)
Saprov . . .     Stasis   .     (no amulet)
MR     +....                    (no ring)
                                (no ring)

@: paralysed, very slightly contaminated, hasted, wreathed by umbra, somewhat
resistant to hostile enchantments, incredibly stealthy
A: bottle blood, fangs 3, see invisible, unbreathing
a: Bat Form, Bottle Blood, Shadow Step, Renounce Religion


You were on level 10 of the Dungeon.
You worshipped Dithmenos.
Dithmenos was most pleased with you.
You were not thirsty.

You visited 1 branch of the dungeon, and saw 11 of its levels.

You collected 408 gold pieces.

Inventory:

Hand weapons
 b - a +0 blowgun
 g - a +3,+3 dagger of speed
 s - a +2,+0 dagger of draining (weapon)
Missiles
 e - 42 poisoned needles
Armour
 c - a +0 robe (worn)
 d - a +2 cloak (worn)
 l - a +0 hat (worn)
Magical devices
 y - a wand of polymorph (15)
 B - a wand of polymorph (6)
Scrolls
 j - a scroll of magic mapping
 m - 2 scrolls of enchant weapon I
 p - 2 scrolls of remove curse
 A - 2 scrolls of enchant weapon II
 C - a scroll of amnesia
Jewellery
 k - an uncursed ring of flight
 w - the ring of Uzxutsio {Hunger Dex+2 Int+5}
   (You found it on level 5 of the Dungeon)

   [ring of hunger]

   It affects your intelligence (+5).
   It affects your dexterity (+2).
   It speeds your metabolism.
 D - an uncursed ring of magical power
Potions
 a - a potion of curing
 f - a potion of magic
 h - a potion of poison
 i - a potion of restore abilities
 r - a potion of flight
 t - 2 potions of brilliance
Books
 n - a book of Wizardry

   Spells                             Type                      Level
   Summon Elemental                   Summoning                    4
   Agony                              Necromancy                   5
   Force Lance                        Conjuration                  5
   Haste                              Charms                       6
   Invisibility                       Hexes                        6
   Spellforged Servitor               Conjuration/Summoning        7
 q - a book of Beasts

   Spells                             Type                      Level
   Summon Butterflies                 Summoning                    1
   Call Canine Familiar               Summoning                    3
   Summon Ice Beast                   Ice/Summoning                4
   Summon Mana Viper                  Hexes/Summoning              5
   Monstrous Menagerie                Summoning                    6
   Summon Hydra                       Summoning                    7
 z - a book of Power

   Spells                             Type                      Level
   Fulminant Prism                    Conjuration/Hexes            4
   Iskenderun's Mystic Blast          Conjuration                  4
   Venom Bolt                         Conjuration/Poison           5
   Bolt of Magma                      Conjuration/Fire/Earth       5
   Iron Shot                          Conjuration/Earth            6
   Orb of Destruction                 Conjuration                  7


   Skills:
 - Level 1.7 Fighting
 - Level 8.3 Short Blades
 - Level 1.5 Throwing
 - Level 6.1 Dodging
 * Level 17.2 Stealth


You had 9 spell levels left.
You didn't know any spells.

Dungeon Overview and Level Annotations

Branches:
Dungeon (11/15)            Temple (0/1) D:5             Orc (0/4) D:9
   Lair: D:8-11

Altars:
Dithmenos
Fedhas
Nemelex Xobeh
Trog
Vehumet
Xom
The Shining One

Shops:
D:7 }   D:9 :

Annotations:
D:4 sohrabkorkchi's ghost, experienced LOFi
D:7 Dowan
D:10 Erolcha; Harold; Psyche


Innate Abilities, Weirdness & Mutations

You can bottle blood from corpses.
You have razor-sharp teeth.*
You have supernaturally acute eyesight.
You can survive without breathing.*


Message History

You aren't wearing any rings or amulets.
Read which item? (? for menu, Esc to quit)
Okay, then.
Drink which item? (? for menu, Esc to quit)
You feel much better. The orc barely misses you.
Drink which item? (? for menu, Esc to quit)
You feel yourself speed up.
It was a potion of haste.
The orc closely misses you.
You are very lightly contaminated with residual magic.
You hit the orc. You drain the orc!
You kill the orc!
Dithmenos accepts your kill.
Drink which item? (? for menu, Esc to quit)
You suddenly lose the ability to move!
It was a potion of paralysis.
A rat comes into view.
The two-headed ogre hits you with a giant club! x2
The two-headed ogre hits you with a giant club!
* * * LOW HITPOINT WARNING * * *
The two-headed ogre hits you with a giant club!
You die...

............#...........
.o.........%.#<#.........
.........#####.#.....##..
...o.....#...........##..
.......oo#...............
......ooo#...............
......Ooo#....z....<.....
###.####O##..............
#. #@##....######....
#.##....######....
#.##..............
#.##....##########
#.##....# #.####### #.#
#.# #.#


You could see a two-headed ogre, 2 orc warriors, an orc priest and 4 orcs.

Vanquished Creatures
  An unseen horror (D:8)
  A gargoyle (D:6)
  A hog (D:8)
  A wraith (D:10)
  A wyvern (D:10)
  2 wargs (D:9)
  2 water moccasins
  3 ice beasts
  3 sky beasts
  3 black bears
  2 centaurs
  4 ogres
  A big kobold (D:6)
  3 scorpions
  A wyvern skeleton (D:9)
  A giant frog (D:7)
  2 killer bees (D:7)
  A quasit (D:10)
  A black bear zombie (D:7)
  A centaur zombie (D:7)
  An iron imp (D:9)
  4 crimson imps
  2 giant frog skeletons
  An orc priest (D:3)
  A black bear skeleton (D:4)
  4 hounds
  3 orc wizards
  3 worker ants
  An iguana (D:10)
  4 gnolls
  7 adders
  A shadow imp (D:4)
  A worm zombie (D:7)
  A giant mite (D:5)
  4 worms
  An adder skeleton (D:5)
  A giant eyeball (D:8)
  4 giant geckos
  An ooze (D:1)
  18 orcs
  4 giant cockroaches
  10 hobgoblins
  7 jackals
  19 kobolds
  6 quokkas
  2 ball pythons
  12 bats
  A giant newt (D:2)
  6 goblins
  A hobgoblin skeleton (D:4)
  2 orc skeletons
  A quokka skeleton (D:5)
  13 rats
  A rat skeleton (D:4)
  A rat zombie (D:6)
  2 ballistomycetes (D:9)
186 creatures vanquished.

Vanquished Creatures (others)
  An orc (D:9)
  A giant spore (D:9)
2 creatures vanquished.

Grand Total: 188 creatures vanquished

Notes
Turn   | Place    | Note
--------------------------------------------------------------
     0 | D:1      | Dolphinfiddler, the Vampire Assassin, began the quest for the Orb.
     0 | D:1      | Reached XP level 1. HP: 16/16 MP: 1/1
    33 | D:1      | Reached skill level 6 in Stealth
   154 | D:1      | Reached XP level 2. HP: 20/22 MP: 2/2
   267 | D:1      | Reached skill level 7 in Stealth
  1141 | D:1      | Reached XP level 3. HP: 27/27 MP: 3/3
  1499 | D:2      | Found a shimmering altar of Xom.
  1540 | D:2      | Reached skill level 8 in Stealth
  1590 | D:2      | Found a shadowy altar of Dithmenos.
  1595 | D:2      | Became a worshipper of Dithmenos the Shadowed
  1863 | D:2      | Found a radiant altar of Vehumet.
  2172 | D:3      | Reached XP level 4. HP: 33/33 MP: 4/4
  2262 | D:3      | Found a sparkling altar of Nemelex Xobeh.
  2491 | D:3      | Found a glowing golden altar of the Shining One.
  2639 | D:3      | Reached skill level 9 in Stealth
  2714 | D:3      | Reached XP level 5. HP: 17/38 MP: 5/5
  3157 | D:3      | Reached skill level 10 in Stealth
  3558 | D:4      | Noticed sohrabkorkchi's ghost (experienced LOFi)
  3864 | D:4      | Reached XP level 6. HP: 31/44 MP: 6/6
  4020 | D:5      | Entered Level 5 of the Dungeon
  4023 | D:5      | Reached skill level 5 in Short Blades
  4055 | D:5      | Reached XP level 7. HP: 35/49 MP: 7/7
  4093 | D:5      | Found a staircase to the Ecumenical Temple.
  4143 | D:5      | Got an ancient steel ring
  4158 | D:5      | Found a blossoming altar of Fedhas.
  4373 | D:5      | Identified the ring of Uzxutsio {Hunger Dex+2 Int+5} (You found it on level 5 of the Dungeon)
  4569 | D:6      | Noticed a gargoyle
  4729 | D:6      | Acquired Dithmenos' first power
  4729 | D:6      | Reached XP level 8. HP: 42/55 MP: 8/8
  4781 | D:6      | Killed a gargoyle
  4799 | D:7      | Reached skill level 5 in Dodging
  4810 | D:7      | Found Braxiom's Gadget Boutique.
  4995 | D:7      | Noticed Duvessa
  4996 | D:7      | Noticed Dowan
  5101 | D:8      | Noticed an unseen horror
  5117 | D:8      | Reached skill level 11 in Stealth
  5185 | D:7      | Reached skill level 12 in Stealth
  5291 | D:7      | Noticed Duvessa
  5291 | D:7      | Duvessa changed into Duvessa the dwarf
  5292 | D:7      | Duvessa the dwarf changed into Duvessa the black bear
  5311 | D:7      | Reached XP level 9. HP: 32/61 MP: 9/9
  5321 | D:8      | Killed an unseen horror
  5321 | D:8      | Reached skill level 13 in Stealth
  5498 | D:7      | Reached skill level 14 in Stealth
  5900 | D:8      | Reached skill level 15 in Stealth
  6257 | D:9      | Found a bloodstained altar of Trog.
  6262 | D:9      | Acquired Dithmenos' second power
  6265 | D:9      | Found a staircase to the Orcish Mines.
  6326 | D:9      | Found Amel's Book Shop.
  6363 | D:9      | Reached skill level 16 in Stealth
  6484 | D:9      | Found a sparkling altar of Nemelex Xobeh.
  6718 | D:10     | Entered Level 10 of the Dungeon
  6725 | D:10     | Noticed Harold
  7018 | D:10     | Reached XP level 10. HP: 29/67 MP: 10/10
  7301 | D:10     | Reached skill level 17 in Stealth
  7454 | D:10     | Noticed Psyche
  7494 | D:10     | Noticed Erolcha
  7616 | D:10     | Found a glowing golden altar of the Shining One.
  7687 | D:11     | Noticed a hill giant
  7991 | D:10     | Paralysed by a potion of paralysis for 3 turns
  7994 | D:10     | Mangled by a two-headed ogre

Action                   |  1- 3 |  4- 6 |  7- 9 | 10-12 || total
-------------------------+-------+-------+-------+-------++-------
Melee: Dagger            |   143 |   174 |   431 |   179 ||   927
 Fire: Blowgun           |       |     7 |    15 |     1 ||    23
Invok: Shadow Step       |       |       |       |     1 ||     1
Evoke: Wand              |       |       |     9 |     3 ||    12
  Use: Potion            |     1 |       |     2 |     3 ||     6
       Scroll            |       |    14 |     7 |     4 ||    25
 Stab: Sleeping          |    13 |    19 |    30 |     5 ||    67
       Distracted        |     4 |       |     1 |       ||     5
